 Dungeon Crawl Stone Soup version 0.31-a0-1603-gbec6b6c (webtiles) character file.

Game seed: 6402529165503291900

13 Dorkslayer the Shield-Bearer (level 2, 0/19 HPs)
             Began as a Gargoyle Fighter on Jan 6, 2024.
             Slain by a gnoll
             ... wielding a +0 spear
              (2 damage)
             ... on level 2 of the Dungeon on Jan 7, 2024.
             The game lasted 00:01:31 (486 turns).

Dorkslayer the Shield-Bearer (Gargoyle Fighter)      Turns: 486, Time: 00:01:31

Health: 0/19       AC: 10    Str: 19    XL:     2   Next: 37%
Magic:  2/2        EV:  9    Int:  8    God:
Gold:   85         SH:  4    Dex:  9    Spells: 1/1 levels left

rFire   . . .        a - +0 war axe
rCold   . . .        c - +0 buckler
rNeg    + . .        b - +0 scale mail
rPois   ∞            e - +0 helmet
rElec   +            (no cloak)
rCorr   .            (no gloves)
SInv    .            (no boots)
Will    .....        (no amulet) Stlth
                     (no ring)
HPRegen 0.23/turn    (no ring)
MPRegen 0.08/turn

%: no passive effects
@: no status effects
A: sickness immunity, AC +2, negative energy resistance 1, electricity
resistance, torment resistance 1, petrification resistance
a: no special abilities


You were on level 2 of the Dungeon.
You visited 1 branch of the dungeon, and saw 2 of its levels.

You collected 85 gold pieces.

Inventory:

Hand Weapons
 a - a +0 war axe (weapon)
Missiles
 g - a boomerang (quivered)
 i - 5 javelins
Armour
 b - a +0 scale mail (worn)
 c - a +0 buckler (worn)
 e - a +0 helmet (worn)
Scrolls
 f - a scroll of summoning {unknown}
 h - a scroll of fog {unknown}
 j - a scroll of identify {unknown}
Potions
 d - a potion of might


   Skills:
 + Level 3.4 Fighting
 + Level 1.9 Axes
 + Level 3.4 Armour
 * Level 0.3 Dodging
 + Level 3.5 Shields


You had one spell level left.
You didn't know any spells.
Your spell library contained the following spells:

 Spells                   Type           Power      Damage    Failure   Level
 Summon Small Mammal      Summ           0%         N/A       85%         1
 Call Canine Familiar     Summ           0%         N/A       99%         3
 Summon Blazeheart Golem  Fire/Summ      0%         N/A       100%        4


Dungeon Overview and Level Annotations

Branches:
Dungeon (2/15)

Altars:
Xom


Innate Abilities, Weirdness & Mutations

You are immune to sickness and miasma.
Your stone body is resilient. (AC +2)
You are immune to poison.
You resist negative energy. (rN+)
You are resistant to electric shocks. (rElec)
You are resistant to unholy torment.
You are immune to petrification.


Message History

Press: ? - help, Q - select action, (/) - cycle Shift-Dir - straight line, f/p - gnoll
Aim: a gnoll, wielding a +0 spear (54% to hit)
You throw a boomerang. The boomerang hits the gnoll.
The gnoll is lightly wounded.
Unknown command.
Throw: boomerang
Press: ? - help, Q - select action, (/) - cycle Shift-Dir - straight line, f/p - gnoll
Aim: a gnoll, wielding a +0 spear (lightly wounded, 54% to hit)
You throw a boomerang.
The boomerang hits the gnoll but does no damage.
The gnoll is lightly wounded.
A gnoll comes into view. It is wielding a +0 spear.
The gnoll hits you but does no damage.
The gnoll shouts!
You hear a loud squeak.
The gnoll barely misses you.
The gnoll shouts!
You hit the gnoll.
The gnoll is heavily wounded.
The gnoll closely misses you. The gnoll closely misses you.
The gnoll hits you but does no damage.
You barely miss the gnoll. You block the gnoll's attack.
The gnoll hits you but does no damage. The gnoll hits you with a +0 spear.
The gnoll hits you but does no damage.
You hit the gnoll.
The gnoll is lightly wounded.
The gnoll hits you with a +0 spear.
The gnoll hits you from afar with a +0 spear.
* * * LOW HITPOINT WARNING * * *
You barely miss the gnoll.
The gnoll is lightly wounded.
The gnoll completely misses you. The gnoll hits you but does no damage.
You slash the gnoll!
The gnoll is severely wounded.
The gnoll hits you with a +0 spear.
* * * LOW HITPOINT WARNING * * *
The gnoll hits you from afar with a +0 spear.
* * * LOW HITPOINT WARNING * * *
The gnoll hits you but does no damage.
The gnoll hits you from afar with a +0 spear.
You die...

#. . #. #. #.#.####.. #.
#.#..#... ##. ##.##....
## ...##......# . ##.
####.....#.# ...
...##........g.###.....
####...#........@gg.....
.....##..._.....########
# ##..(.....(..#
####..................
.........##.....######
.........##.....#
..)......##.......
##############...#.
##..# #


You could see 3 gnolls.

Vanquished Creatures
  A ball python (D:1)
  2 endoplasms
  A giant cockroach (D:1)
  A goblin (D:1)
  2 quokkas
  3 bats (D:1)
  A frilled lizard (D:1)
  A kobold (D:2)
12 creatures vanquished.

Notes
Turn   | Place    | Note
-------+----------+-------------------------------------------
     0 | D:1      | Dorkslayer the Gargoyle Fighter began the quest for the
                  | Orb.
     0 | D:1      | Reached XP level 1. HP: 14/14 MP: 1/1
   102 | D:1      | You fall into a shaft and drop 1 floor!
   144 | D:1      | Reached XP level 2. HP: 19/19 MP: 2/2
   446 | D:2      | Found a shimmering altar of Xom.
   476 | D:2      | Upgraded the game from 0.31-a0-1591-g515db51 to
                  | 0.31-a0-1603-gbec6b6c
   486 | D:2      | Slain by a gnoll

Illustrated notes

Levels and vault maps discovered:
D:1:      kennysheep_arrival_forest, layout_rooms
D:2:      layout_rooms, ebering_ecumenical_altar_box, basic_altar, uniq_sigmund

Action                     || total
---------------------------++-------
  Melee: War axe           ||    57
  Throw: Boomerang         ||     3
 Armour: Scale mail        ||    62
  Dodge: Dodged            ||    27
  Block: Buckler           ||    16

Table legend: (Time is in decaauts)
 A = Elapsed time spent in this place.
 B = Non-inter-level travel time spent in this place.
 C = Inter-level travel time spent in this place.
 D = Time resting spent in this place.
 E = Time spent auto-exploring this place.
 F = Levels seen in this place.
 G = Mean time per level.
                   A        B        C        D        E       F      G
               +--------+--------+--------+--------+--------+-----+--------+
         Total |    511 |    511 |      0 |      0 |    262 |   2 |  255.5 |
       Dungeon |    511 |    511 |      0 |      0 |    262 |   2 |  255.5 |
               +--------+--------+--------+--------+--------+-----+--------+

Top non-repeatable levels by time:
     D:1: 456 daAuts
     D:2: 55 daAuts
